Map: [ESL] Moondance

Players

Lambo

  • Race: Zerg Zerg
  • Spawn Location: 12:00

herO - Winner!

  • Race: Protoss Protoss
  • Spawn Location: 6:00

Event: DreamHack SC2 Masters 2022 Valencia

VOD

Have the link to the VOD?

Description

Time

  • Played on: July 2, 2022, 11:56 a.m.
  • Length: 9:21

All games in this series

Show
View Real Time Build Order
Export as new Build Order

Lambo Zerg 

Build Orders: Hatch First 

Get SALT Encoding   

  12  0:00  Drone  
  13  0:12  Overlord  
  13  0:16  Drone  
  14  0:31  Drone x2  
  16  0:43  Drone  
  17  0:50  Hatchery  
  17  0:53  Drone  
  17  0:58  Drone  
  18  1:08  Extractor  
  17  1:13  Spawning Pool  
  17  1:18  Drone x2  
  18  1:28  Drone  
  19  1:38  Drone  
  20  1:50  Overlord  
  20  2:00  Queen  
  22  2:03  Queen  
  22  2:04  Drone, Zergling x2  
  26  2:09  Metabolic Boost  
  26  2:12  Zergling x2  
  26  2:13  Drone  
  28  2:22  Drone  
  29  2:24  Drone  
  30  2:33  Drone  
  30  2:36  Hatchery  
  30  2:39  Drone  
  30  2:43  Drone  
  32  2:49  Drone  
  35  2:55  Overlord  
  35  2:56  Queen  
  35  2:58  Drone  
  36  3:07  Overlord  
  36  3:14  Queen, Drone  
  42  3:20  Drone x3  
  42  3:22  Drone  
  42  3:23  Drone  
  44  3:28  Drone  
  44  3:29  Drone  
  44  3:31  Overlord  
  46  3:34  Queen  
  46  3:37  Drone  
  49  3:44  Drone  
  49  3:45  Drone  
  49  3:48  Queen, Drone, Spore Crawler  
  52  3:50  Drone  
  52  3:54  Drone x2  
  54  3:56  Drone  
  55  4:03  Overlord  
  55  4:04  Drone x2  
  55  4:05  Drone  
  55  4:06  Drone  
  59  4:10  Spore Crawler  
  59  4:12  Overlord  
  59  4:13  Drone  
  59  4:16  Drone  
  60  4:19  Drone x2  
  60  4:23  Drone  
  64  4:24  Drone  
  64  4:27  Zergling x6  
  63  4:32  Drone x2  
  63  4:38  Drone x4  
  68  4:41  Roach Warren  
  68  4:43  Drone  
  68  4:45  Drone  
  68  4:46  Lair  
  68  4:52  Drone  
  69  4:54  Extractor, Drone x2  
  69  4:55  Extractor  
  69  5:00  Drone  
  69  5:05  Drone x5  
  69  5:07  Drone x6  
  77  5:09  Spore Crawler  
  77  5:13  Drone  
  77  5:19  Drone x2  
  79  5:23  Drone  
  79  5:25  Extractor  
  79  5:27  Evolution Chamber, Drone x2  
  79  5:28  Extractor  
  79  5:29  Extractor  
  79  5:30  Hatchery  
  79  5:34  Drone x2  
  79  5:36  Overlord  
  79  5:37  Drone x2  
  79  5:41  Overlord  
  81  5:47  Overlord  
  81  5:49  Overlord  
  81  5:54  Overlord  
  81  5:55  Roach x4  
  81  5:56  Drone  
  89  6:03  Roach  
  89  6:04  Roach x3  
  97  6:06  Overlord  
  97  6:08  Overlord  
  95  6:11  Overlord  
  95  6:14  Overlord  
  95  6:15  Roach x3  
  95  6:16  Drone, Ravager x2  
  95  6:18  Glial Reconstitution  
  104  6:22  Zerg Missile Weapons Level 1  
  104  6:24  Overlord  
  104  6:26  Ravager x2  
  104  6:28  Zergling x2  
  104  6:29  Zergling x8  
  104  6:32  Roach  
  113  6:33  Overlord  
  113  6:36  Roach x2  
  117  6:41  Roach x3  
  117  6:46  Roach x3  
  129  6:50  Roach x2  
  129  6:53  Overlord  
  133  6:55  Roach x2  
  133  6:59  Nydus Network, Overseer  
  136  7:03  Roach x2  
  136  7:05  Roach  
  136  7:06  Roach  
  144  7:09  Roach x2  
  144  7:15  Roach x3  
  151  7:19  Roach x2  
  151  7:21  Roach  
  151  7:22  Roach  
  159  7:25  Roach x2  
  159  7:27  Roach  
  159  7:29  Roach  
  166  7:32  Roach x2  
  166  7:33  Roach  
  166  7:36  Nydus Canal  
  171  7:38  Roach  
  171  7:41  Roach  
  171  7:42  Roach  
  172  7:49  Roach x5  
  172  7:53  Nydus Canal  
  169  7:59  Roach x3  
  171  8:06  Roach x4  
  177  8:12  Nydus Canal  
  177  8:14  Roach, Zergling x8  
  181  8:20  Roach  
  181  8:23  Overlord  
  181  8:26  Overlord  
  173  8:35  Roach x2  
  173  8:39  Nydus Canal  
  164  8:45  Roach x11  
  148  8:50  Roach x2  
  148  8:53  Roach  
  133  9:00  Roach  
  133  9:01  Roach x2  
Show
View Real Time Build Order
Export as new Build Order

herO Protoss - Winner!

Build Orders: 1 Gate Expand, Oracle Opening 

Get SALT Encoding   

  12  0:00  Probe  
  14  0:16  Pylon  
  14  0:17  Probe (Chrono Boost)  
  14  0:28  Probe (Chrono Boost)  
  15  0:32  Probe (Chrono Boost)  
  16  0:38  Gateway  
  16  0:43  Probe  
  16  0:48  Assimilator  
  17  0:55  Probe  
  18  1:07  Probe  
  19  1:20  Probe  
  20  1:28  Nexus  
  20  1:36  Cybernetics Core  
  20  1:38  Probe  
  21  1:43  Assimilator  
  21  1:50  Probe  
  22  1:55  Pylon  
  22  2:02  Probe (Chrono Boost)  
  23  2:14  Probe (Chrono Boost), Adept  
  26  2:18  Stargate  
  27  2:22  Probe (Chrono Boost)  
  27  2:25  Warp Gate  
  27  2:28  Probe  
  28  2:40  Probe (Chrono Boost)  
  28  2:43  Stalker  
  32  2:46  Probe (Chrono Boost)  
  32  2:50  Probe (Chrono Boost)  
  33  2:54  Probe (Chrono Boost)  
  33  2:55  Probe (Chrono Boost)  
  35  3:00  Oracle (Chrono Boost)  
  35  3:04  Probe  
  39  3:06  Probe  
  39  3:09  Pylon  
  40  3:17  Probe  
  40  3:18  Probe  
  42  3:27  Oracle (Chrono Boost)  
  42  3:29  Probe  
  42  3:31  Probe  
  47  3:40  Nexus  
  47  3:42  Pylon  
  49  3:49  Probe  
  49  3:50  Probe  
  51  3:57  Assimilator  
  51  3:58  Oracle (Chrono Boost)  
  54  4:04  Probe x2  
  54  4:05  Assimilator  
  54  4:10  Forge  
  54  4:13  Pylon  
  54  4:16  Probe x2  
  56  4:18  Twilight Council  
  56  4:33  Probe x2  
  56  4:34  Protoss Ground Weapons Level 1 (Chrono Boost)  
  58  4:42  Gateway  
  58  4:43  Gateway  
  59  4:47  Probe x2 (Chrono Boost)  
  59  4:52  Gateway x2  
  60  4:53  Probe (Chrono Boost)  
  60  4:56  Sentry  
  65  5:01  Blink  
  65  5:02  Probe x2 (Chrono Boost)  
  65  5:07  Probe (Chrono Boost)  
  65  5:09  Probe  
  65  5:10  Probe  
  68  5:17  Oracle  
  68  5:18  Probe  
  72  5:22  Probe x2, Gateway  
  72  5:24  Gateway  
  74  5:30  Probe  
  74  5:32  Stalker  
  74  5:34  Probe x2  
  79  5:38  Gateway  
  79  5:43  Stalker x2, Probe  
  84  5:50  Pylon  
  84  5:55  Nexus  
  84  6:01  Pylon  
  84  6:12  Oracle  
  84  6:15  Stalker x3  
  84  6:18  Protoss Ground Weapons Level 2 (Chrono Boost)  
  93  6:19  Photon Cannon, Probe x3  
  93  6:21  Shield Battery  
  93  6:24  Stalker x2  
  100  6:33  Pylon, Probe  
  101  6:40  Pylon  
  101  6:41  Pylon  
  101  6:42  Pylon  
  101  6:51  Oracle (Chrono Boost), Probe x3  
  107  6:55  Gateway  
  107  6:56  Gateway  
  107  6:57  Shield Battery  
  107  7:03  Probe x2  
  107  7:04  Stalker x3  
  115  7:13  Stalker x3  
  123  7:20  Stalker x2  
  125  7:25  Oracle (Chrono Boost)  
  128  7:31  Pylon  
  128  7:34  Pylon  
  128  7:41  Stalker x4  
  132  7:47  Stalker  
  134  7:58  Zealot x4  
  134  7:59  Zealot  
  134  8:01  Pylon  
  134  8:02  Pylon  
  144  8:06  Pylon  
  144  8:07  Oracle  
  144  8:12  Zealot x5  
  157  8:19  Stalker  
  159  8:20  Stalker x3  
  159  8:25  Gateway  
  159  8:26  Gateway  
  159  8:40  Stalker x4, Zealot x2  
  163  8:43  Stalker, Zealot x3  
  149  9:00  Zealot  
  149  9:01  Zealot  
  153  9:03  Zealot  
  152  9:11  Zealot x6  

Tags
 
Add a new tag
Caveats
  • Supply blocks, unpowered buildings, or Contaminate may cause inaccurate times.
  • Supply counts are checked every 10 seconds.